 Dungeon Crawl Stone Soup version 0.29-a0-214-g17f627cfee (webtiles) character file.

Game seed: 9702906307330711596

47 Terpe the Skirmisher (level 3, 0/33 HPs)
             Began as a Minotaur Fighter on Feb 24, 2022.
             Slain by a gnoll
             ... wielding a +0 halberd
              (6 damage)
             ... on level 2 of the Dungeon on Feb 25, 2022.
             The game lasted 00:12:35 (970 turns).

Terpe the Skirmisher (Minotaur Fighter)              Turns: 970, Time: 00:12:35

Health: 0/33       AC:  7    Str: 22    XL:     3   Next: 48%
Magic:  2/2        EV:  9    Int:  5    God:
Gold:   88         SH:  4    Dex:  9    Spells: 2/2 levels left

rFire   . . .      SeeInvis .   a - +0 war axe
rCold   . . .      Faith    .   c - +0 buckler
rNeg    . . .      Spirit   .   b - +0 scale mail
rPois   .          Reflect  .   (helmet restricted)
rElec   .          Harm     .   (no cloak)
rCorr   .          Rampage  .   (no gloves)
Will    .....                   (no boots)
Stlth   ..........              (no amulet)
HPRegen 0.11/turn               (no ring)
MPRegen 0.08/turn               (no ring)

@: weak-willed
A: horns 2, retaliatory headbutt
a: no special abilities


You were on level 2 of the Dungeon.
You visited 1 branch of the dungeon, and saw 2 of its levels.

You collected 88 gold pieces.

Inventory:

Hand Weapons
 a - a +0 war axe (weapon)
 g - a +0 spear
 i - a +0 short sword
 q - a +0 club
 t - a +0 hunting sling
 u - a +0 flail
 v - a +0 spear
Missiles
 f - 68 stones (quivered)
Armour
 b - a +0 scale mail (worn)
 c - a +0 buckler (worn)
 p - a +0 leather armour
 s - a +0 ring mail
Scrolls
 e - a scroll of blinking {unknown}
 m - a scroll of teleportation {unknown}
 n - a scroll of identify {unknown}
 o - a scroll of immolation {unknown}
Potions
 d - a potion of might
 h - a potion of heal wounds {unknown}
 k - a potion of berserk rage {unknown}
 l - a potion of curing {unknown}
 r - a potion of ambrosia {unknown}


   Skills:
 + Level 4.3 Fighting
 + Level 3.3 Axes
 + Level 4.1 Armour
 + Level 4.0 Shields


You had 2 spell levels left.
You didn't know any spells.
Your spell library was empty.

Dungeon Overview and Level Annotations

Branches:
Dungeon (2/15)

Altars:


Innate Abilities, Weirdness & Mutations

You have a pair of horns on your head.
You reflexively headbutt those who attack you in melee.


Message History

Increase (S)trength, (I)ntelligence, or (D)exterity?
Uppercase letters only, please.
You feel stronger. x2
Save game and exit?
Okay, then.
The gnoll completely misses you. You furiously retaliate!
You headbutt the gnoll!
The gnoll hits you from afar with a +0 halberd.
Things that are here:
a +0 flail; a gnoll corpse You block the gnoll's attack.
The gnoll hits you with a +0 spear.
Things that are here:
a +0 flail; a gnoll corpse
u - a +0 flail The gnoll hits you but does no damage.
The gnoll closely misses you. You block the gnoll's attack. x2
You slash the gnoll!
You kill the gnoll!
The gnoll hits you from afar with a +0 halberd!
* * * LOW HITPOINT WARNING * * *
Your Shields skill increases to level 4!
The gnoll completely misses you. You furiously retaliate!
You headbutt the gnoll!
Things that are here:
a +0 spear; a gnoll corpse; a gnoll corpse
v - a +0 spear The gnoll closely misses you.
The gnoll hits you from afar with a +0 halberd.
* * * LOW HITPOINT WARNING * * *
The gnoll barely misses you.
Things that are here:
a gnoll corpse; a gnoll corpse The gnoll barely misses you.
As you read the scroll labelled GYCU QORUAHA, it crumbles to dust.
Magic quickly surges around you.
It was a scroll of vulnerability.
You block the gnoll's attack. The gnoll hits you with a +0 halberd.
You die...

#######
#.g@.<#
#.#####
....
#.....g
#.......
#........
#.........
#..........


You could see a gnoll (weak-willed).

Vanquished Creatures
  2 gnolls (D:2)
  A dart slug (D:1)
  3 ball pythons (D:1)
  2 endoplasms (D:1)
  3 giant cockroaches (D:1)
  A goblin (D:1)
  A hobgoblin (D:1)
  3 quokkas (D:1)
  3 bats (D:1)
  4 frilled lizards (D:1)
  A kobold (D:1)
  A rat (D:1)
25 creatures vanquished.

Notes
Turn   | Place    | Note
-------+----------+-------------------------------------------
     0 | D:1      | Terpe the Minotaur Fighter began the quest for the Orb.
     0 | D:1      | Reached XP level 1. HP: 19/19 MP: 0/0
   312 | D:1      | Reached XP level 2. HP: 24/27 MP: 1/1
   955 | D:2      | Reached XP level 3. HP: 22/33 MP: 2/2
   970 | D:2      | Slain by a gnoll

Illustrated notes

Levels and vault maps discovered:
D:1:      dpeg_arrival_snail, layout_loops_ring, minmay_misc_feat_hallway,
          minmay_indecisive_spiral
D:2:      layout_basic, hellmonk_ecumenical_altar_heavens_door

Skill      XL: |  1  2  3 |
---------------+----------+-----
Fighting       | 4 |  4.3
Armour         | 4 |  4.1
Axes           | 3 |  3.3
Shields        | 4 |  4.0

Action                   || total
-------------------------++-------
Melee: War axe           ||    50
       Headbutt          ||     4
  Use: Scroll            ||     1
Armor: Scale mail        ||    29
Dodge: Dodged            ||    30
Block: Buckler           ||    14

Table legend: (Time is in decaauts)
 A = Elapsed time spent in this place.
 B = Non-inter-level travel time spent in this place.
 C = Inter-level travel time spent in this place.
 D = Time resting spent in this place.
 E = Time spent auto-exploring this place.
 F = Levels seen in this place.
 G = Mean time per level.
                   A        B        C        D        E       F      G
               +--------+--------+--------+--------+--------+-----+--------+
         Total |    989 |    667 |    322 |    100 |    367 |   2 |  494.5 |
       Dungeon |    989 |    667 |    322 |    100 |    367 |   2 |  494.5 |
               +--------+--------+--------+--------+--------+-----+--------+

Top non-repeatable levels by time:
     D:1: 960 daAuts
     D:2: 29 daAuts
